 Dungeon Crawl Stone Soup version 0.23.2-1-ga50397a (webtiles) character file.

Game seed: 13157680612768884283

69 Fortress the Chopper (level 4, -2/42 HPs)
             Began as a Deep Dwarf Berserker on May 30, 2019.
             Was a Believer of Trog.
             Slain by an orc priest
             ... wielding a +0 flail
              (3 damage)
             ... on level 3 of the Dungeon.
             The game lasted 00:07:52 (1632 turns).

Fortress the Chopper (Deep Dwarf Berserker)         Turns: 1632, Time: 00:07:52

Health: -2/42      AC:  3    Str: 20    XL:     4   Next: 2%
Magic:  4/4        EV: 13    Int:  8    God:    Trog [**....]
Gold:   77         SH:  0    Dex: 13    Spells: 3/3 levels left

rFire    . . .     SeeInvis .   a - +0 hand axe
rCold    . . .     Gourm    .   (no shield)
rNeg     . . .     Faith    .   b - +0 animal skin
rPois    .         Spirit   .   (no helmet)
rElec    .         Reflect  .   (no cloak)
rCorr    .         Harm     .   (no gloves)
MR       .....                  h - +0 pair of boots
Stlth    +.........             (no amulet)
HPRegen  0.00/turn              (no ring)
MPRegen  0.09/turn              (no ring)

@: non-regenerating
A: damage resistance, heal wounds, sense surroundings 1, no regeneration
a: Heal Wounds, Berserk, Trog's Hand, Renounce Religion


You were on level 3 of the Dungeon.
You worshipped Trog.
Trog was pleased with you.
You were not hungry.

You visited 1 branch of the dungeon, and saw 3 of its levels.

You collected 77 gold pieces.

Inventory:

Hand Weapons
 a - a +0 hand axe (weapon)
Missiles
 s - 9 sling bullets
Armour
 b - a +0 animal skin (worn)
 h - a +0 pair of boots (worn)
Jewellery
 e - a +3 ring of slaying {unknown}
 n - an uncursed ring of poison resistance {unknown}
 q - an uncursed ring of stealth {unknown}
 t - an uncursed ring of protection from cold {unknown}
Wands
 l - a wand of digging (6)
 m - a wand of polymorph (13)
Scrolls
 d - 2 scrolls of blinking {unknown}
 f - 2 scrolls of remove curse {unknown}
 i - a scroll of noise {unknown}
 j - a scroll of magic mapping {unknown}
 o - 3 scrolls of teleportation {unknown}
 p - a scroll of fear {unknown}
 r - a scroll of enchant armour {unknown}
Potions
 g - a potion of brilliance {unknown}
 k - 2 potions of curing {unknown}
 u - a potion of cancellation {unknown}
Comestibles
 c - 4 rations


   Skills:
 + Level 3.3 Fighting
 + Level 4.4 Axes
 + Level 2.3 Armour
 + Level 2.8 Dodging
 - Level 0.1 Stealth


You had 3 spell levels left.
You didn't know any spells.
Your spell library was empty.

Dungeon Overview and Level Annotations

Branches:
Dungeon (3/15)

Altars:
Makhleb
Ru
Trog


Innate Abilities, Weirdness & Mutations

You are resistant to damage.
You can heal yourself by infusing magical energy.
You passively map a small area around you.
You do not regenerate.


Message History

You hit the orc priest.
The orc priest is almost dead.
The orc priest begins to cast a cantrip, but forgets the words!
You barely miss the orc priest.
The orc priest is almost dead.
The orc priest invokes the aid of Beogh against you.
Pain shoots through your body!
* * * LOW HITPOINT WARNING * * *
You hit the orc priest but do no damage.
The orc priest is almost dead.
The orc priest closely misses you.
You closely miss the orc priest.
The orc priest is almost dead.
The orc priest invokes the aid of Beogh against you.
Beogh smites you!
* * * LOW HITPOINT WARNING * * *
You fail to use your ability.
The orc priest barely misses you.
You fail to use your ability.
The orc priest hits you with a +0 flail.
You die...

.. #.....#
#..#..........
.### #.#####
#..#.##### ### ...
#.## * #..#..... *
.####..*##.#..
#..######
.>.....#......,
#.##
*#.......##._..
#.# * , ,
#....##....# #.# *
,
#.#<.##.....###.#
*,
#.......##.o@...#
*###.)##.##.######
,.... ,.. ** ** *
#####.... , ## *#
**


You could see an orc priest.

Vanquished Creatures
  2 adders (D:2)
  A worm (D:2)
  3 dart slugs (D:1)
  2 leopard geckos
  3 orcs (D:3)
  3 giant cockroaches (D:2)
  5 goblins
  4 hobgoblins
  5 kobolds
  2 bats (D:1)
  3 frilled lizards
  4 rats
37 creatures vanquished.

Notes
Turn   | Place    | Note
-------+----------+-------------------------------------------
     0 | D:1      | Fortress the Deep Dwarf Berserker began the quest for the
                  | Orb.
     0 | D:1      | Reached XP level 1. HP: 20/20 MP: 1/1
    81 | D:1      | Reached XP level 2. HP: 22/27 MP: 2/2
   780 | D:2      | Reached XP level 3. HP: 21/34 MP: 3/3
   814 | D:2      | Reached skill level 4 in Axes
   849 | D:2      | Found a bloodstained altar of Trog.
  1141 | D:2      | Reached ** piety under Trog
  1167 | D:2      | Found a sacrificial altar of Ru.
  1612 | D:3      | Found a burning altar of Makhleb.
  1619 | D:3      | Reached XP level 4. HP: 31/42 MP: 4/4
  1630 | D:3      | HP: 1/42 [orc priest/divine providence (10)]
  1632 | D:3      | Slain by an orc priest

Skill      XL: |  1  2  3 |
---------------+----------+-----
Fighting       | 3 |  3.3
Axes           | 4 |  4.4
Armour         | |  2.3
Dodging        | |  2.8
Stealth        | |  0.1

Action                   |  1- 3 |  4- 6 || total
-------------------------+-------+-------++-------
Melee: Hand axe          |   117 |    11 ||   128
 Abil: Heal Wounds       |     2 |       ||     2
 Stab: Sleeping          |     2 |       ||     2
  Eat: Chunk             |     2 |       ||     2
Armor: Animal skin       |    21 |     1 ||    22
Dodge: Dodged            |    69 |     4 ||    73
